 Dungeon Crawl Stone Soup version 0.22.1-1-ga44c0e5 (webtiles) character file.

42 JeffiDaFish the Grave Robber (level 3, -10/19 HPs)
             Began as a Deep Elf Necromancer on Sept 28, 2018.
             Mangled by an ogre
             ... wielding a +0 giant club
              (17 damage)
             ... on level 2 of the Dungeon.
             The game lasted 00:03:47 (1440 turns).

JeffiDaFish the Grave Robber (Deep Elf Necromancer) Turns: 1440, Time: 00:03:47

Health: -10/19     AC:  2    Str:  5    XL:     3   Next: 33%
Magic:  4/10       EV: 13    Int: 20    God:
Gold:   69         SH:  0    Dex: 15    Spells: 8/9 levels left

rFire    x . .     SeeInvis .   d - +2 dagger
rCold    + . .     Gourm    +   (no shield)
rNeg     . . .     Faith    .   a - +0 robe
rPois    .         Spirit   .   (no helmet)
rElec    .         Reflect  .   (no cloak)
rCorr    .         Harm     .   (no gloves)
MR       .....                  (no boots)
Stlth    ++........             b - amulet of the gourmand
HPRegen  0.06/turn              e - ring of ice
MPRegen  0.12/turn              (no ring)

@: no status effects
A: no striking features
a: no special abilities


You were on level 2 of the Dungeon.
You were not hungry.

You visited 1 branch of the dungeon, and saw 2 of its levels.

You collected 69 gold pieces.

Inventory:

Hand Weapons
 d - a +2 dagger (weapon)
Armour
 a - a +0 robe (worn)
Jewellery
 b - an amulet of the gourmand (around neck)
 e - a ring of ice (left hand)
Comestibles
 c - 4 rations
 f - a chunk of flesh


   Skills:
 + Level 3.1 Dodging
 - Level 2.4 Stealth
 + Level 3.5 Spellcasting
 * Level 5.6 Necromancy


You had 8 spell levels left.
You knew the following spells:

 Your Spells              Type           Power        Failure   Level  Hunger
a - Pain                  Necr           ####         1%          1    None

Your spell library contained the following spells:

 Spells                   Type           Power        Failure   Level  Hunger
 Animate Skeleton         Necr           N/A          1%          1    None
 Vampiric Draining        Necr           ####......   4%          3    ###....
 Regeneration             Chrm/Necr      ##........   13%         3    ###....
 Animate Dead             Necr           N/A          13%         4    ####...


Dungeon Overview and Level Annotations

Branches:
Dungeon (2/15)

Altars:


Message History

Casting: Pain (safe; 1% risk of failure)
Confirm with . or Enter, or press ? or * to list all spells.
Aiming: Pain (safe; 1% risk of failure)
Press: ? - help, Shift-Dir - straight line, f/p - ogre
Aim: an ogre, wielding a giant club (moderately wounded, chance to defeat MR: The ogre writhes in agony!
The ogre completely misses you.
Casting: Pain (safe; 1% risk of failure)
Confirm with . or Enter, or press ? or * to list all spells.
Aiming: Pain (safe; 1% risk of failure)
Press: ? - help, Shift-Dir - straight line, f/p - ogre
Aim: an ogre, wielding a giant club (moderately wounded, chance to defeat MR: The ogre writhes in agony!
Casting: Pain (safe; 1% risk of failure)
Confirm with . or Enter, or press ? or * to list all spells.
Aiming: Pain (safe; 1% risk of failure)
Press: ? - help, Shift-Dir - straight line, f/p - ogre
Aim: an ogre, wielding a giant club (heavily wounded, chance to defeat MR: 84%)
The ogre writhes in agony!
The ogre hits you with a giant club!
Ouch! That really hurt!
You die...

...#.....##.....#
#...###.#####.##
##.###..รท.....#
##.#.#.#######
##.##.# ####.#
#######.###
.......O..#
#######@#.# #.#.#
#.#.# #. ..#.#
#.####.# #.# #.#
# #.# #.# # #.#
#.# # #.# #.#


You could see an ogre.

Vanquished Creatures
  An adder (D:2)
  An ooze (D:2)
  A dart slug (D:1)
  A bat (D:1)
  2 giant cockroaches (D:1)
  5 hobgoblins
  4 jackals (D:1)
  A frilled lizard (D:1)
  6 kobolds
  2 rats (D:1)
24 creatures vanquished.

Notes
Turn   | Place    | Note
-------+----------+-------------------------------------------
     0 | D:1      | JeffiDaFish the Deep Elf Necromancer began the quest for
                  | the Orb.
     0 | D:1      | Reached XP level 1. HP: 10/10 MP: 6/6
    25 | D:1      | Reached skill level 5 in Necromancy
   367 | D:1      | Reached XP level 2. HP: 2/15 MP: 1/8
  1256 | D:2      | Reached XP level 3. HP: 14/19 MP: 3/9
  1388 | D:2      | Noticed an ogre
  1440 | D:2      | Mangled by an ogre

Skill      XL: |  1  2 |
---------------+-------+-----
Necromancy     | 5 |  5.6
Dodging        | 3 |  3.1
Stealth        | |  2.4
Spellcasting   | |  3.5

Action                   || total
-------------------------++-------
Melee: Dagger            ||     5
       Unarmed           ||     3
 Cast: Pain              ||    43
  Use: Scroll            ||     6
       Potion            ||     3
 Stab: Sleeping          ||     2
  Eat: Chunk             ||     5
Armor: Robe              ||     1
Dodge: Dodged            ||    12
